[Event "1st Doppelbauer Kiel IM 2022"]
[Site "Kiel"]
[Date "2022.06.30"]
[Round "3.1"]
[White "Zavgorodniy, Sergiy"]
[Black "Beeck, Mats"]
[Result "1-0"]
[ECO "B51"]
[WhiteElo "2423"]
[BlackElo "2169"]
[Annotator "TA"]
[PlyCount "91"]
[EventDate "2022.06.30"]
[EventType "tourn"]
[EventCountry "GER"]
[SourceTitle "playchess.com"]
[Source "ChessBase"]
[SourceQuality "1"]
[TimeControl "40/5400+30:1800+30"]

1. e4 c5 2. Nf3 d6 3. Bb5+ Nd7 4. O-O a6 5. Bxd7+ Bxd7 6. d4 cxd4 7. Qxd4 Nf6 8. Bg5 e6 {[%emt 0:14:31][%cal Be7e6,Be6e5][%mdl 32] 8...e6 is better than 8...h6. B51: Sicilian: Moscow Variation (3 Bb5+) without 3...Bd7.} 9. Nc3 h6 10. Bh4 (10. Bxf6 $5 gxf6 11. Nd2 $14) 10... e5 {[%emt 0:09:01] The position is equal.} 11. Qd3 g5 12. Bg3 {[%emt 0:01:29] [#]} Qc7 $146 ({Predecessor:} 12... Be7 13. Nd2 b5 14. Rfd1 Rc8 15. Nf1 h5 16. f3 b4 17. Nd5 Nxd5 18. Qxd5 Rxc2 {0-1 (37) Svane,F (2398)-Thybo,J (2576) Aarhus 2019}) 13. Rad1 Rc8 14. Rfe1 Be7 15. Nd2 Be6 16. Nf1 Qb6 17. Rb1 h5 $1 {[%emt 0:00:55] Strongly threatening ...h4.} 18. h3 h4 19. Bh2 g4 20. hxg4 Nxg4 21. Ne3 Nxe3 22. Rxe3 Bg5 {[%emt 0:04:35] aiming for ...Bc4.} 23. Rf3 Bg4 {[%emt 0:01:42] This bishop pair is nice.} 24. Nd5 Qd8 25. c3 Rc5 ({Much weaker is} 25... Bxf3 $6 26. Qxf3 h3 27. gxh3 $15) 26. Rd1 Rg8 (26... Bxf3 $17 27. Qxf3 Rh6) 27. Kh1 (27. Rf5 $1 $15) 27... Rg6 (27... Qd7 $17 28. b4 Rc6) 28. Rf5 $1 $11 Bxf5 29. exf5 Rg8 30. b4 Rc6 31. a4 Kf8 32. a5 Bh6 $2 (32... Rh8 $11 {and Black stays safe.}) 33. f6 $18 Bg5 34. Ne7 $1 Bxf6 35. Nxc6 bxc6 36. Qxd6+ ({Don't play} 36. Qxa6 Qd7 $16) 36... Qxd6 (36... Kg7 $142 37. Qxd8 (37. Bxe5 Qxd6 38. Bxd6 Re8 $14) 37... Rxd8 38. Rxd8 Bxd8) 37. Rxd6 {[%emt 0:00:02][%mdl 4096] Endgame KRB-KRB} Ke7 38. Rxc6 Rd8 (38... Ra8 {was worth a try.} 39. f3 Bg7) 39. g4 $2 (39. Rxa6 $18 {is the precise move to win. Ra7+ is the strong threat.} Rd1+ 40. Bg1) 39... hxg3 {[%emt 0:00:36] Black cannot hold the game after this.} (39... Rd1+ $16 40. Kg2 Rd3) 40. Bxg3 Rd6 {[%emt 0:00:30] [#]} 41. Rc5 Ke6 {[%emt 0:01:44] [#]} 42. c4 $1 {[%emt 0:00:00] Prevents Rd5.} Bg7 $2 (42... Kd7 43. b5 axb5) 43. b5 {[%emt 0:00:00][%cal Bb4b5,Bb5b6][%mdl 32] White is clearly winning.} f5 44. b6 {[%emt 0:00:00] Hoping for b7.} Rd7 45. Rc6+ Ke7 46. Bh4+ {[%emt 0:00:00] Weighted Error Value: White=0.15 (very precise) /Black=0.38} 1-0

[Event "1st Doppelbauer Kiel IM 2022"]
[Site "Kiel"]
[Date "2022.06.30"]
[Round "3.2"]
[White "Junge, Ralph"]
[Black "Lanka, Zigurds"]
[Result "1/2-1/2"]
[ECO "A46"]
[WhiteElo "2224"]
[BlackElo "2397"]
[Annotator "TA"]
[PlyCount "40"]
[EventDate "2022.06.30"]
[EventType "tourn"]
[EventCountry "GER"]
[SourceTitle "playchess.com"]
[Source "ChessBase"]
[SourceQuality "1"]
[TimeControl "40/5400+30:1800+30"]

1. d4 Nf6 2. Bg5 e6 3. e4 h6 4. Bxf6 Qxf6 5. Nf3 d6 6. Nc3 g5 7. h3 Bg7 8. Qd2 Nc6 9. O-O-O Bd7 {[%emt 0:01:31] A46: 1 d4 Nf6 2 Nf3 e6: Torre, London and Colle Systems.} 10. Bb5 O-O-O (10... a6 $5 11. Bxc6 Bxc6 $11) 11. Kb1 a6 {[%emt 0:02:34] The position is equal.} 12. Ba4 {[%emt 0:00:58] [#]} Ne7 $146 ({Predecessor:} 12... Rhe8 13. Rhe1 Bh8 14. Qe3 Kb8 15. a3 Qg7 16. e5 f5 17. exf6 Qxf6 18. Ne4 Qf5 {1-0 (33) Stamenkovic,D (2370)-Zambrana,O (2513) Campinas 2011}) 13. Bxd7+ Rxd7 14. Ne2 Qg6 15. Ng3 f5 16. exf5 Nxf5 17. Nxf5 Qxf5 18. Nh2 Rf8 19. f3 Qf4 20. Qf2 (20. Ng4 $11) 20... Re7 {[%emt 0:00:43] Weighted Error Value: White=0.10 (very precise) /Black=0.08 (flawless)} 1/2-1/2

[Event "1st Doppelbauer Kiel IM 2022"]
[Site "Kiel"]
[Date "2022.06.30"]
[Round "3.3"]
[White "Ermitsch, Magnus"]
[Black "Fromm, Marius"]
[Result "0-1"]
[ECO "C90"]
[WhiteElo "2222"]
[BlackElo "2317"]
[Annotator "TA"]
[PlyCount "76"]
[EventDate "2022.06.30"]
[EventType "tourn"]
[EventCountry "GER"]
[SourceTitle "playchess.com"]
[Source "ChessBase"]
[SourceQuality "1"]
[TimeControl "40/5400+30:1800+30"]

1. e4 e5 2. Nf3 Nc6 3. Bb5 a6 4. Ba4 Nf6 5. O-O Be7 6. d3 b5 7. Bb3 d6 8. c3 O-O 9. a4 Bd7 10. Bc2 Re8 11. Re1 h6 12. Nbd2 Bf8 13. h3 {[%emt 0:00:45] C90: Closed Ruy Lopez with 7...d6: Early deviations.} Ne7 {[%emt 0:01:32] 13...Ne7 has become a bit dusty these days.} 14. Nf1 {[%emt 0:01:35] [#]} c5 $146 ({Predecessor:} 14... Ng6 15. Ng3 c5 16. d4 cxd4 17. cxd4 Rc8 18. Be3 Qc7 19. Re2 Qb7 20. Rd2 Rc7 {½-½ (54) Drazic,S (2483)-Rogic,D (2510) Zupanja 2007}) 15. d4 {[%emt 0:01:00] The position is equal.} cxd4 16. cxd4 exd4 17. Nxd4 Ng6 18. Ng3 Rc8 (18... bxa4 $11 19. Re2 (19. Bxa4 d5 $11) 19... Bb5) 19. axb5 $14 axb5 20. Bd3 d5 21. exd5 Rxe1+ 22. Qxe1 Qb6 {[%emt 0:00:00] [#]} 23. Ne6 Nxd5 24. Nxf8 Rxf8 25. Qe4 Bc6 26. Qf5 {[%emt 0:02:51] Inhibits Ndf4.} (26. Bf1 $5 ) 26... Rd8 {[%emt 0:00:00][%cal Bf8d8,Bd8d3,Bd3e3][%mdl 32] aiming for ...Nde7.} 27. Bd2 $2 {[%emt 0:03:16][%mdl 8192] Loses the game.} (27. Bf1 $11 {and White is okay.}) 27... Nde7 $19 {[%emt 0:00:00] Pair of Knights!} 28. Be3 Qb8 ({Inferior is} 28... Nxf5 29. Bxb6 Rxd3 30. Nxf5 $11) 29. Qg4 Rxd3 30. Nh5 Qe5 31. Rc1 Rxe3 32. Qd1 {[%emt 0:01:08] [#] Inhibits Re1+.} Qe4 $1 33. Qf1 {[%emt 0:00:42] [#]} (33. f3 Qe5) 33... Rxh3 $3 34. Ng3 {[%emt 0:00:13] [#]} (34. Re1 Qg4) 34... Rxg3 $1 35. fxg3 Qe3+ 36. Kh2 Ne5 {[%emt 0:00:00] Black mates.} 37. Re1 Ng4+ 38. Kh1 {[%emt 0:00:53] [#]} Qxg3 $1 {[%emt 0:00:00] Weighted Error Value: White=1.27/Black=0.07 (flawless)} 0-1

[Event "1st Doppelbauer Kiel IM 2022"]
[Site "Kiel"]
[Date "2022.06.30"]
[Round "3.4"]
[White "Fischer, Daniel"]
[Black "Arndt, Magnus"]
[Result "1-0"]
[ECO "C88"]
[WhiteElo "2367"]
[BlackElo "2343"]
[Annotator "TA"]
[PlyCount "94"]
[EventDate "2022.06.30"]
[EventType "tourn"]
[EventCountry "GER"]
[SourceTitle "playchess.com"]
[Source "ChessBase"]
[SourceQuality "1"]
[TimeControl "40/5400+30:1800+30"]

1. e4 e5 2. Nf3 Nc6 3. Bb5 a6 4. Ba4 Nf6 5. O-O Be7 6. Re1 b5 7. Bb3 O-O 8. a4 Na5 {[%emt 0:02:47] C88: Closed Ruy Lopez: Anti-Marshall Systems.} 9. axb5 {[%emt 0:08:07] is the legacy move (9.Ba2).} Nxb3 10. cxb3 Bb7 {[%emt 0:00:12] White is slightly better.} 11. bxa6 Bxe4 12. d3 Bb7 13. Nxe5 {[%emt 0:59:24] [#]} (13. a7 {is more complex.} Bc5 14. Be3 Bb4 15. Nc3) 13... Rxa6 $146 ({Predecessor:} 13... Bxa6 14. Nc3 Bb7 15. Bd2 Re8 16. Na4 d6 17. Nc4 Nd7 18. Na5 Bd5 19. Nc3 Be6 {½-½ (27) Manthey,F (2087)-Rausch,W (1977) Mittelfranken 2009}) 14. Rxa6 Bxa6 15. Bd2 Bb7 16. Bc3 Re8 17. Nd2 Nd5 18. Nec4 Bf8 {[%emt 0:06:27] A strong pair of Bishops.} 19. Nf3 d6 20. Rxe8 Qxe8 21. Qe1 Qc8 {[%emt 0:03:40][%mdl 1024] Black has compensation.} (21... Qa8 $5 ) 22. Ncd2 Nf4 23. Qe3 $1 Qg4 {[%emt 0:00:39][%csl Gf4][%cal Rg4g2] [#]} 24. g3 Ne6 25. Kf1 h6 26. h4 c5 27. Ke1 Qf5 28. Kd1 Nc7 (28... d5 {seems wilder.} 29. d4 Ba6 30. Qe5 Qd3) 29. Kc1 Ne6 30. Kd1 Nc7 31. Kc1 Qc8 32. Kb1 Nd5 33. Qe2 Qf5 34. Ka2 Ba6 35. Nc4 Qd7 36. Kb1 Qb5 37. Kc2 Nc7 38. Na3 Qc6 39. Qe3 (39. Qe4 $11 {remains equal.} Qd7 40. Qe3) 39... Ne6 40. Kb1 Qd5 41. Nc4 Qb7 42. Ncd2 {[%emt 0:01:01] [#]} ({White should play} 42. Na5 $15 Qd7 43. Ne1) 42... Bb5 (42... d5 $1 $17 {White must now prevent ...d4.} 43. d4 Qa7) 43. Kc2 (43. d4 $15) 43... Qa6 (43... d5 $17 {And now ...d4 would win.} 44. d4 Qa7) 44. Qe4 Nc7 45. d4 d5 46. Qe3 Ne6 47. Nb1 (47. dxc5 $11 Bxc5 48. Bd4) 47... Qc8 {[%emt 0:07:28][%mdl 32768] Weighted Error Value: White=0.16 (very precise) /Black=0.12 (very precise) . Loss on time!?} ({Better is} 47... Qb7 $17 48. Nbd2 Qc6) 1-0

[Event "1st Doppelbauer Kiel IM 2022"]
[Site "Kiel"]
[Date "2022.06.30"]
[Round "3.5"]
[White "Kopylov, Daniel"]
[Black "Barseghyan, Armen Ar."]
[Result "0-1"]
[ECO "B38"]
[WhiteElo "2292"]
[BlackElo "2378"]
[Annotator "TA"]
[PlyCount "112"]
[EventDate "2022.06.30"]
[EventType "tourn"]
[EventCountry "GER"]
[SourceTitle "playchess.com"]
[Source "ChessBase"]
[SourceQuality "1"]
[TimeControl "40/5400+30:1800+30"]

1. e4 c5 2. Nf3 Nc6 3. d4 cxd4 4. Nxd4 g6 5. c4 Nf6 6. Nc3 d6 7. Be2 Bg7 8. Be3 O-O 9. O-O Bd7 10. Nc2 Be6 {[%emt 0:00:46][%cal Bd7e6,Be6f7,Bf7c4][%mdl 32] B38: Sicilian: Maroczy Bind with 5...Bg7 and 7...0-0.} 11. f3 Nd7 12. f4 {[%emt 0:01:59] [#]} (12. Qd2 $11) 12... Bxc3 $146 {[%emt 0:01:23] Black is slightly better.} ({Predecessor:} 12... f5 13. exf5 gxf5 14. Nd4 Nxd4 15. Bxd4 Bxd4+ 16. Qxd4 Qb6 17. Qxb6 Nxb6 18. b3 d5 19. Nb5 Rf6 {1-0 (61) Lutsko,I (2339)-Tsaruk,M (2053) Minsk 2016}) 13. bxc3 f6 14. Nd4 Bf7 15. Bg4 Nc5 {[%emt 0:05:43] Against Ne6} 16. Nxc6 bxc6 17. Bxc5 dxc5 18. Qd7 (18. Qe2 $11) 18... Qxd7 ({Don't play} 18... Bxc4 19. Be6+ Bxe6 20. Qxe6+ Rf7 21. Qxc6 $11) 19. Bxd7 Bxc4 20. Rfd1 Rab8 21. Bxc6 Rfd8 22. Rxd8+ Rxd8 23. Bd5+ {[%emt 0:01:35] Black keeps a firm grip on the game.} ({White should try} 23. Rb1 $15) 23... Bxd5 $17 {[%emt 0:01:25][%mdl 4096] Endgame KRB-KR} 24. Rd1 {[%emt 0:00:56][%mdl 64] Pin} e6 25. c4 {[%emt 0:00:49] [#]} (25. exd5 $17 exd5 26. Kf2) 25... Kf7 $1 $19 26. exd5 (26. cxd5 exd5) 26... exd5 27. cxd5 {[%emt 0:00:34] KR-KR} Ke7 28. Re1+ Kd6 29. Re6+ (29. Kf2 $142) 29... Kxd5 30. Rxf6 (30. Ra6 {was worth a try.}) 30... c4 {[%emt 0:01:40] [#] Hoping for ...c3.} 31. Kf2 (31. Kf1 $142 c3 32. Ke2) 31... Kd4 {[%emt 0:11:58] ...Kd3 is the strong threat.} 32. Ke2 Kc3 {[%emt 0:00:09] And now ...Kb2 would win.} 33. Rf7 Rd2+ 34. Kf3 h5 ({And not} 34... Rxa2 35. g4 $17) 35. f5 $2 (35. Rxa7 Kb2 36. Rb7+ Kxa2 37. Rc7) 35... gxf5 36. Rxf5 h4 37. Ra5 Rd7 38. Rh5 Kd3 39. Rxh4 Rf7+ 40. Kg3 c3 41. Rh8 Rc7 42. Rd8+ Ke2 43. Re8+ Kd2 {[%emt 0:00:04] ( -> ...c2)} 44. Rd8+ Kc1 45. Rf8 c2 (45... Kb2 $142 46. a4 a5 47. h4 c2 48. Rf1 c1=Q 49. Rxc1 Rxc1 50. h5 Kb3 51. Kf4 Kxa4 52. Kf3 Kb3 53. h6 a4 54. Kg4 a3 55. h7 Rc8 56. Kf5 a2 57. Kg6 a1=Q 58. h8=B Rxh8 59. Kf5 Rf8+ 60. Ke6 Qf6+ 61. Kd5 Re8 62. Kc5 Re5+ 63. Kd4 Qd6#) 46. h4 Kb1 {[%emt 0:03:28] Black mates.} 47. Rf1+ Kxa2 48. h5 Kb2 49. Kh4 c1=Q 50. Rxc1 Rxc1 {[%emt 0:00:20] KR-KPP} 51. g4 a5 52. g5 Rh1+ 53. Kg4 a4 54. g6 a3 55. Kf5 a2 56. g7 Rg1 {[%emt 0:00:06] Weighted Error Value: White=0.80/Black=0.11 (very precise)} 0-1

[Event "1st Doppelbauer Kiel IM 2022"]
[Site "Kiel"]
[Date "2022.07.01"]
[Round "4.1"]
[White "Beeck, Mats"]
[Black "Barseghyan, Armen Ar."]
[Result "1/2-1/2"]
[ECO "B38"]
[WhiteElo "2169"]
[BlackElo "2378"]
[Annotator "TA"]
[PlyCount "48"]
[EventDate "2022.06.30"]
[EventType "tourn"]
[EventCountry "GER"]
[SourceTitle "playchess.com"]
[Source "ChessBase"]
[SourceQuality "1"]
[TimeControl "40/5400+30:1800+30"]

1. e4 c5 2. Nf3 Nc6 3. d4 cxd4 4. Nxd4 g6 5. c4 Nf6 6. Nc3 d6 7. f3 Bg7 8. Be3 O-O 9. Be2 Bd7 10. Qd2 Nxd4 11. Bxd4 a5 {[%emt 0:00:11] B38: Sicilian: Maroczy Bind with 5...Bg7 and 7...0-0.} 12. h4 {[%emt 0:00:10] [#]} Rc8 $146 {[%emt 0:05:20] [#]} (12... h5 $14 {feels stronger.}) ({Predecessor:} 12... h6 13. O-O-O a4 14. a3 Rc8 15. Kb1 Re8 16. g4 Qa5 17. g5 Nh5 18. Bxg7 Kxg7 19. Rhg1 hxg5 20. Rxg5 {1-0 (56) Suarez Uriel,A (2359)-Maze,S (2527) Chess.com INT 2022}) 13. h5 (13. g4 $1 $16) 13... e5 $14 {[%emt 0:17:33] White is slightly better.} (13... Nxh5 $2 14. Bxg7 Nxg7 15. Qh6 $18) 14. h6 Bh8 ({Better is} 14... Bxh6 $1 $14 15. Qxh6 (15. Rxh6 exd4 16. Qxd4 Nh5 $11) 15... exd4) 15. Bf2 $16 Be6 16. b3 Ne8 17. g4 Bf6 {[%emt 0:01:26] White is better.} 18. Be3 {[%emt 0:02:16] Inhibits Bg5.} Bh4+ 19. Kd1 Be7 20. Kc2 Nf6 21. Kb2 Nd7 22. Rac1 {[%emt 0:08:47] 0x0.000bd00f35f3dp-1022s more active pieces.} Nc5 23. Nd5 Bxd5 24. cxd5 ({Resist} 24. exd5 f5 $14) ({Much weaker is} 24. Qxd5 $6 Bg5 25. Bxg5 Qxg5 $15) 24... Qb6 {[%emt 0:00:08] Weighted Error Value: White=0.08 (flawless) /Black=0.12 (very precise)} 1/2-1/2

[Event "1st Doppelbauer Kiel IM 2022"]
[Site "Kiel"]
[Date "2022.07.01"]
[Round "4.2"]
[White "Arndt, Magnus"]
[Black "Kopylov, Daniel"]
[Result "1-0"]
[ECO "D72"]
[WhiteElo "2343"]
[BlackElo "2292"]
[Annotator "TA"]
[PlyCount "147"]
[EventDate "2022.06.30"]
[EventType "tourn"]
[EventCountry "GER"]
[SourceTitle "playchess.com"]
[Source "ChessBase"]
[SourceQuality "1"]
[TimeControl "40/5400+30:1800+30"]

1. d4 Nf6 2. c4 g6 3. g3 Bg7 4. Bg2 d5 5. cxd5 Nxd5 6. e4 Nb6 7. Ne2 O-O 8. O-O c5 9. d5 e6 10. Nec3 Na6 11. a4 exd5 12. exd5 Bf5 13. Na3 {[%emt 0:16:52] D72: Fianchetto Grünfeld: 5 cxd5 Nxd5 6 e4 Nb6 (without Nf3).} Nb4 14. a5 Nd7 15. Be3 {[%emt 0:03:27] The position is equal.} Rc8 {[%emt 0:11:29] [#]} (15... b6 $15 {is more appropriate.}) 16. Qb3 $146 ({Predecessor:} 16. d6 Bd3 17. Re1 Qxa5 18. Nc2 Bxc2 19. Rxa5 Bxd1 20. Rxd1 Nc6 {½-½ (20) Vavrak,P (2487)-Kempinski,R (2587) Benidorm 2009}) 16... Re8 17. Ncb5 Qf6 {[%emt 0:06:12] Prevents Nd6.} (17... Qxa5 18. Nd6 $16) 18. Nc4 Bc2 19. Qa3 Bd3 (19... Bf8 $5 20. a6 (20. Nxa7 Ra8 $17) 20... bxa6 21. Nxa7 Ra8 $11) 20. Rfc1 Bxc4 21. Rxc4 a6 ({Resist} 21... Qxb2 22. Qxb2 Bxb2 23. Rd1 $16) 22. Nd4 {[%emt 0:10:40] [#]} cxd4 $2 (22... b5 $1 $19 23. axb6 Nxb6 24. Rxb4 cxb4 25. Qxa6 Nc4 26. Qxf6 Bxf6) 23. Bxd4 $15 {[%emt 0:00:07] [#] This bishop pair is nice.} Rxc4 $1 24. Bxf6 Bxf6 25. Rd1 {[%emt 0:01:24] b3 is the strong threat.} Nc2 (25... Nc5 $11 26. Bf1 Rce4) 26. Qb3 $14 Rc5 {[%emt 0:01:32] White leaves nothing to chance now.} ({Black should try} 26... Rc7 $14) 27. Qxb7 $16 Rd8 28. Qxa6 Kg7 29. d6 Bxb2 $2 (29... Nd4 $16 {was necessary.}) 30. Qb7 $18 Bf6 31. a6 Rcc8 (31... Nd4 {is a better defense.} 32. a7 Rcc8) 32. a7 {[%emt 0:00:42] Strongly threatening Bh3.} Nd4 33. Qa6 Nc5 34. Qa2 Rxd6 35. a8=Q {[%emt 0:01:56] Dancing on a razor blade.} Rxa8 36. Bxa8 Ra6 37. Qc4 Rxa8 38. Qxc5 ({Weaker is} 38. Rxd4 Ra4 $18) 38... Rd8 39. Kg2 Ne6 40. Qc2 Rxd1 41. Qxd1 Nd4 42. Kf1 h5 43. h4 Nf5 44. Ke2 Bd4 45. Qd2 Bf6 46. Kd3 Nd4 (46... Ba1 $142 47. Ke4 Bf6) 47. Ke4 {[%emt 0:00:00] aiming for Kd5.} Ne6 (47... Nf5 $142 48. Qd3 Bd4) 48. Kd5 Nf8 49. Kd6 Kg8 50. Qf4 Kg7 51. Qf3 Bd8 52. Qd1 Bf6 53. Kc7 Be7 54. Qd4+ Bf6 (54... Kg8 $142) 55. Qd6 g5 56. hxg5 {[%emt 0:00:00] White mates.} Bxg5 57. Qe5+ Kg6 58. Qe4+ Kg7 59. Qf5 Be7 60. Qxh5 Bf6 61. Qg4+ Kh7 62. Qf5+ Kg7 63. f4 Be7 64. g4 f6 65. Qd5 Ng6 66. Qc4 Nf8 67. Kc8 Bd6 68. f5 Nh7 69. Kd7 Bf8 70. Ke8 Ng5 71. Qd4 Nh7 72. Qd7+ Kg8 73. Qf7+ Kh8 74. Qxf8+ $2 {[%emt 0:00:16] Weighted Error Value: White=0.25 (precise) /Black=0.44} 1-0

[Event "1st Doppelbauer Kiel IM 2022"]
[Site "Kiel"]
[Date "2022.07.01"]
[Round "4.3"]
[White "Fromm, Marius"]
[Black "Fischer, Daniel"]
[Result "1-0"]
[ECO "B47"]
[WhiteElo "2317"]
[BlackElo "2367"]
[Annotator "TA"]
[PlyCount "113"]
[EventDate "2022.06.30"]
[EventType "tourn"]
[EventCountry "GER"]
[SourceTitle "playchess.com"]
[Source "ChessBase"]
[SourceQuality "1"]
[TimeControl "40/5400+30:1800+30"]

1. e4 c5 2. Nf3 e6 3. d4 cxd4 4. Nxd4 Nc6 5. Nc3 Qc7 6. g3 a6 7. Bg2 Nf6 8. O-O Nxd4 9. Qxd4 Bc5 10. Bf4 d6 11. Qd2 h6 12. Rad1 e5 13. Be3 Bb4 {[%emt 0:06:01] [#] B47: Sicilian: Taimanov: 5 Nc3 Qc7 6 f4, 6 g3 and 6 Be2.} 14. Nb5 $1 axb5 15. Qxb4 O-O {[%emt 0:01:54] White is slightly better.} 16. a3 (16. Qxb5 Rxa2 17. c4 Be6 $11) 16... Qxc2 17. Rxd6 Be6 18. Rc1 {[%emt 0:15:57] [#]} Qe2 $146 (18... Qa4 $16) ({Predecessor:} 18... Qa4 19. Qxa4 bxa4 20. Bd2 Rfd8 21. Rxd8+ Rxd8 22. Bc3 Rc8 23. Rd1 Nd7 24. f4 exf4 25. gxf4 {½-½ (57) Delchev,A (2492)-Materia,M (2364) Marseille 2021}) 19. Rd2 $1 $36 {[%emt 0:04:19][%mdl 2048] White is really pushing.} Qh5 20. f3 {[%emt 0:00:12] Prevents Ng4. White is more active.} (20. Qxb5 Ng4 21. h4 Nxe3 22. fxe3 Rfd8 $14) 20... Bd7 21. Rd6 Rac8 22. Rxc8 Rxc8 23. Qd2 {[%emt 0:00:04][%cal Od6f6] Prevents Rc2.} Bc6 24. Qe1 Bd7 25. g4 Qg6 26. Qg3 h5 (26... Nxe4 $2 27. Rxg6 Nxg3 28. Rd6 $18) (26... Re8 $16 27. Qe1 Bc6) 27. gxh5 ({Less strong is} 27. Qxe5 hxg4 28. Qg5 Qxg5 29. Bxg5 gxf3 $14) 27... Qxg3 28. hxg3 Rc2 29. g4 $1 {[%emt 0:00:46] Hoping for g5.} Be6 30. Rd2 Rc1+ (30... Rxd2 {might work better.} 31. Bxd2 Nd7) 31. Kf2 {[%emt 0:00:05] Strongly threatening Rd8+.} Kh7 32. Kg3 Re1 33. Bc5 Nd7 34. Bb4 Rc1 35. Rd6 {[%emt 0:01:04] Against Nb6} Nb8 36. Rb6 Bc4 37. Rxb7 Nc6 38. Bd6 ({Better is} 38. Bc3 $18) 38... Rd1 $16 39. Bb8 f6 (39... Nxb8 $16 40. Rxb8 Rb1) 40. Bh3 $2 (40. g5 $1 $18 {is the precise move to win.}) 40... Nd4 {[%emt 0:03:51] [#]} (40... Kh6 $142) 41. g5 $1 {[%emt 0:04:29] aiming for gxf6.} Rg1+ {[%emt 0:13:50] [#]} 42. Kf2 $1 ({But not} 42. Bg2 $6 Bf1 43. Kf2 (43. g6+ Kh6 $11) 43... Rxg2+ 44. Kxf1 Rxg5 $14) 42... Rxg5 43. Bg4 Be6 44. Bxe6 Nxe6 45. Rxb5 {[%emt 0:00:00] And now a4 would win.} Rxh5 $18 {[%emt 0:00:19][%mdl 4096] Endgame KRB-KRN} 46. Ba7 Rh2+ 47. Kg1 Rc2 48. Be3 {[%emt 0:01:05] Inhibits Rc1+.} Kg6 (48... Rc4 {was worth a try.} 49. Kf2 Ra4) 49. a4 Re2 50. Rb3 (50. Bf2 $18) 50... Nd4 $2 {[%emt 0:00:27][%mdl 8192] This move loses the game for Black.} (50... Re1+ $16 51. Kf2 Ra1) 51. Kf1 {[%emt 0:02:32] Black must now prevent Bxd4. White is clearly winning.} Rc2 52. Bxd4 exd4 53. a5 d3 54. Ke1 Kg5 55. a6 {[%emt 0:00:18] a7 is the strong threat.} Kf4 56. a7 Ke3 {[%emt 0:00:03] [#]} 57. Rxd3+ $3 {[%emt 0:00:08][%mdl 512] Weighted Error Value: White=0.14 (very precise) /Black=0.23 (precise)} 1-0

[Event "1st Doppelbauer Kiel IM 2022"]
[Site "Kiel"]
[Date "2022.07.01"]
[Round "4.4"]
[White "Lanka, Zigurds"]
[Black "Ermitsch, Magnus"]
[Result "1-0"]
[ECO "B47"]
[WhiteElo "2397"]
[BlackElo "2222"]
[Annotator "TA"]
[PlyCount "111"]
[EventDate "2022.06.30"]
[EventType "tourn"]
[EventCountry "GER"]
[SourceTitle "playchess.com"]
[Source "ChessBase"]
[SourceQuality "1"]
[TimeControl "40/5400+30:1800+30"]

1. e4 c5 2. Nf3 e6 3. d4 cxd4 4. Nxd4 Nc6 5. Nc3 Qc7 6. Be2 Nf6 7. a3 {[%emt 0:00:37] B47: Sicilian: Taimanov: 5 Nc3 Qc7 6 f4, 6 g3 and 6 Be2.} a6 8. f4 Nxd4 9. Qxd4 {[%emt 0:00:12] The position is equal.} Bc5 10. Qd3 d5 11. e5 Nd7 12. Be3 O-O 13. Bxc5 Nxc5 14. Qd4 Bd7 15. O-O Rac8 16. Bd3 {[%emt 0:05:12] [#]} Qb6 $146 ({Predecessor:} 16... Nxd3 17. cxd3 Qc5 18. Ne2 Qc2 19. Rf2 Qb3 20. Nc3 Rc6 21. Rd2 Rfc8 22. Kf2 a5 {0-1 (65) Lanka,Z (2391)-Hess,M (2378) Austria 2020}) 17. Ne2 Rc7 18. Rf2 Rfc8 19. Raf1 a5 20. g4 Rc6 21. f5 Qd8 (21... exf5 $11 {remains equal.} 22. gxf5 Nxd3 23. cxd3 Qxd4 24. Nxd4 Rh6) 22. f6 $16 g6 {[%emt 0:01:23][%cal Oc5e4] [#]} 23. h4 (23. Qe3 $1 $16) 23... Ne4 24. Rh2 {[%emt 0:00:00] aiming for h5.} ({Not} 24. Bxe4 Rc4 25. Qd2 Rxe4 $17) 24... Qb6 $1 {[%emt 0:10:19] [#]} 25. Bxe4 ({White should play} 25. c3 $1 $16) 25... Qxd4+ (25... dxe4 $11 26. Rf4 Qc7) 26. Nxd4 Rc4 {[%emt 0:00:17] [#]} 27. c3 dxe4 28. Re1 (28. Re2 $16) 28... Bc6 (28... b5 $1 $14) 29. Rd2 Bd5 30. Nc2 {[%emt 0:00:00] White is much more active.} R4c5 31. Red1 h5 (31... Rf8 $16 {might work better.}) 32. gxh5 $18 Bb3 $2 (32... gxh5 33. Kh2 Kh7) 33. hxg6 fxg6 34. Rd8+ Rxd8 35. Rxd8+ {[%emt 0:00:00][%mdl 4096] Endgame KRB-KRN} Kf7 36. Rd7+ Kf8 37. Nd4 Ba2 38. Kf2 Rxe5 39. Ke3 Bd5 (39... a4 40. Rxb7 Rc5) 40. b3 {[%emt 0:00:00] And now c4 would win.} b5 {[%emt 0:00:00] Inhibits c4.} (40... a4 $142 41. c4 (41. bxa4 Rh5 $18) 41... Bc6 42. Nxc6 bxc6 43. bxa4 Ra5 44. Kxe4 Rxa4) 41. Rc7 {[%emt 0:26:08] Black must now prevent a4.} Rh5 42. c4 bxc4 43. bxc4 Bxc4 44. Rxc4 {[%emt 0:00:00] Rc7 would kill now. KRN-KR} Kf7 45. a4 Rxh4 46. Rc6 Rh3+ 47. Kxe4 Rh4+ 48. Ke3 Rh3+ 49. Kd2 e5 50. Nb5 {[%emt 0:00:00] Strongly threatening Nc3.} g5 $2 (50... Rf3 51. Ra6 Rf2+ 52. Ke3 Rxf6 53. Rxa5 Rb6) 51. Nc3 {[%emt 0:00:00] Ne4 is the strong threat.} g4 52. Ne4 {[%emt 0:00:00] Threatening mate with Ng5+.} Kg6 53. f7+ {[%emt 0:00:00] White mates.} Kg7 54. Ng5 Rh5 {[%emt 0:00:00] [#]} 55. Rc8 $1 Rh2+ (55... Kf6 56. Rg8) 56. Ke3 {[%emt 0:00:00] Weighted Error Value: White=0.15 (very precise) /Black=0.61} 1-0